 Dungeon Crawl Stone Soup version 0.19.5 (webtiles) character file.

139 Goboxel the Chopper (level 5, -5/46 HPs)
             Began as a Hill Orc Fighter on Mar 25, 2017.
             Slain by Goboxel's ghost (12 damage)
             ... on level 3 of the Dungeon.
             The game lasted 00:03:53 (1881 turns).

Goboxel the Chopper (Hill Orc Fighter)              Turns: 1881, Time: 00:03:53

Health: -5/46      AC:  7    Str: 24    XL:     5   Next: 22%
Magic:  5/5        EV:  7    Int:  8    God:
Gold:   96         SH: 11    Dex: 11    Spells: 0 memorised, 4 levels left

rFire  . . .     SeeInvis .     a - +0 war axe
rCold  . . .     Gourm    .     b - +0 scale mail
rNeg   . . .     Faith    .     c - +1 shield
rPois  .         Spirit   .     (no helmet)
rElec  .         Reflect  .     (no cloak)
rCorr  .         Harm     .     (no gloves)
MR     .....                    (no boots)
Stlth  ..........               (no amulet)
                                (no ring)
                                (no ring)

@: mighty
A: no striking features
a: no special abilities


You were on level 3 of the Dungeon.
You were not hungry.

You visited 1 branch of the dungeon, and saw 3 of its levels.

You collected 96 gold pieces.

Inventory:

Hand Weapons
 a - a +0 war axe (weapon)
Armour
 b - a +0 scale mail (worn)
 c - a +1 shield (worn)
Scrolls
 e - 2 scrolls of remove curse {unknown}
 g - a scroll of teleportation {unknown}
 i - 2 scrolls of immolation
 j - a scroll of identify
 l - a scroll of enchant armour
 o - a scroll of random uselessness {unknown}
Potions
 k - a potion of brilliance
 m - a potion of agility {unknown}
 q - a potion of heal wounds {unknown}
Comestibles
 f - 2 bread rations
 h - 2 meat rations
 n - a royal jelly
 p - 2 chunks of flesh


   Skills:
 + Level 4.1 Fighting
 + Level 5.0 Axes
 + Level 4.3 Armour
 + Level 3.9 Shields


You had 4 spell levels left.
You didn't know any spells.

Dungeon Overview and Level Annotations

Branches:
Dungeon (3/15)

Altars:
Yredelemnul
Zin

Annotations:
D:3 Goboxel's ghost, amateur HOFi


Message History

Goboxel's ghost hits you!
You hit Goboxel's ghost.
Goboxel's ghost is moderately damaged.
Goboxel's ghost barely misses you.
You closely miss Goboxel's ghost.
Goboxel's ghost is moderately damaged.
Goboxel's ghost wails, "You will never get the ORB!"
You block Goboxel's ghost's attack. Goboxel's ghost completely misses you.
You slash Goboxel's ghost!
Goboxel's ghost is heavily damaged.
Goboxel's ghost hits you!
* * * LOW HITPOINT WARNING * * *
Your shield prevents you from hitting Goboxel's ghost.
Goboxel's ghost is heavily damaged.
Goboxel's ghost barely misses you. Goboxel's ghost hits you.
* * * LOW HITPOINT WARNING * * *
Your shield and scale mail prevent you from hitting Goboxel's ghost.
Goboxel's ghost is heavily damaged.
Goboxel's ghost hits you!
You die...

#....##....#.##########
#..#.####.# ##........#
######....##### #......#...#
#####......# #####......#####
########
#..............#######......#
....#..........W@......###..#
............##.##########..##
##..##....>###.####.......##
#[.#.......##.#..[.#######
##..#.......##......#
............####...##
..#.#......#########
......[[.......
.....#.........


You could see Goboxel's ghost.

Vanquished Creatures
  A crimson imp (D:3)
  2 adders
  An ooze (D:3)
  A worm (D:2)
  5 dart slugs
  3 leopard geckos (D:1)
  4 orcs (D:3)
  2 ball pythons
  3 giant cockroaches
  6 goblins
  4 hobgoblins
  7 jackals
  7 kobolds
  2 quokkas
  4 bats
  2 frilled lizards
  5 rats
59 creatures vanquished.

Vanquished Creatures (others)
  A jackal (D:2)
1 creature vanquished.

Grand Total: 60 creatures vanquished

Notes
Turn   | Place    | Note
-------+----------+-------------------------------------------
     0 | D:1      | Goboxel the Hill Orc Fighter began the quest for the Orb.
     0 | D:1      | Reached XP level 1. HP: 19/19 MP: 1/1
   108 | D:1      | Reached XP level 2. HP: 27/27 MP: 2/2
   198 | D:1      | Reached skill level 3 in Axes
   745 | D:1      | Reached XP level 3. HP: 33/33 MP: 3/3
   783 | D:2      | Found a runed door.
   783 | D:2      | Noticed a human
   786 | D:2      | Found a basalt altar of Yredelemnul.
  1181 | D:2      | Reached skill level 4 in Axes
  1198 | D:2      | Reached XP level 4. HP: 32/40 MP: 4/4
  1646 | D:3      | Found a glowing silver altar of Zin.
  1682 | D:3      | Reached XP level 5. HP: 38/46 MP: 5/5
  1691 | D:3      | Noticed Goboxel's ghost (amateur HOFi)
  1810 | D:3      | Reached skill level 5 in Axes
  1881 | D:3      | Slain by Goboxel's ghost

Skill      XL: |  1  2  3  4  5 |
---------------+----------------+-----
Axes           | 3 4 5 |  5.0
Armour         | 4 |  4.3
Fighting       | 4 |  4.1
Shields        | |  3.9

Action                   |  1- 3 |  4- 6 || total
-------------------------+-------+-------++-------
Melee: War axe           |    92 |    89 ||   181
  Use: Scroll            |       |     3 ||     3
       Potion            |       |     1 ||     1
  Eat: Chunk             |     1 |     2 ||     3
Armor: Scale mail        |    56 |    42 ||    98
Dodge: Dodged            |    39 |    25 ||    64
Block: Shield            |    67 |    45 ||   112
